 Dungeon Crawl Stone Soup version 0.28.0 (webtiles) character file.

Game seed: 13759012139493479820

39 hikkokomori the Skirmisher (level 3, -1/30 HPs)
             Began as a Formicid Abyssal Knight on Feb 10, 2022.
             Was a Follower of Lugonu.
             Slain by a gnoll (5 damage)
             ... on level 2 of the Dungeon.
             The game lasted 00:02:04 (1440 turns).

hikkokomori the Skirmisher (FoAK)                   Turns: 1440, Time: 00:02:05

Health: -1/30      AC:  5    Str: 19    XL:     3   Next: 67%
Magic:  5/5        EV: 10    Int:  9    God:    Lugonu [*.....]
Gold:   48         SH:  0    Dex: 11    Spells: 2/2 levels left

rFire   . . .      SeeInvis +   c - +2 hand axe (venom)
rCold   . . .      Faith    .   (no shield)
rNeg    . . .      Spirit   .   j - +0 ring mail
rPois   .          Reflect  .   (helmet unavailable)
rElec   .          Harm     .   (no cloak)
rCorr   .          Rampage  .   (no gloves)
Will    .....                   (no boots)
Stlth   +.........              (no amulet)
HPRegen 0.10/turn               (no ring)
MPRegen 0.09/turn               (no ring)

@: no status effects
A: permanent stasis, dig shafts and tunnels, antennae 3, four strong arms
a: Dig, Shaft Self, Renounce Religion, Depart the Abyss


You were on level 2 of the Dungeon.
You worshipped Lugonu.
Lugonu was aware of your devotion.
You visited 1 branch of the dungeon, and saw 2 of its levels.
You visited the Abyss 1 time.

You collected 48 gold pieces.

Inventory:

Hand Weapons
 a - a +1 hand axe
 c - a +2 hand axe of venom (weapon)
Missiles
 i - 24 bolts
Armour
 b - a +0 leather armour
 j - a +0 ring mail (worn)
Scrolls
 d - 2 scrolls of identify {unknown}
 f - a scroll of summoning {unknown}
 g - a scroll of blinking {unknown}
 h - 2 scrolls of teleportation {unknown}
Potions
 e - a potion of curing {unknown}


   Skills:
 + Level 3.9 Fighting
 + Level 2.6 Axes
 - Level 2.1 Armour
 - Level 0.8 Dodging
 + Level 3.0 Invocations


You had 2 spell levels left.
You didn't know any spells.
Your spell library was empty.

Dungeon Overview and Level Annotations

Branches:
Dungeon (2/15)

Altars:


Innate Abilities, Weirdness & Mutations

You cannot be hasted, slowed, berserked, paralysed or teleported.
You can dig through walls and to a lower floor.
You have a pair of large antennae on your head. (SInv)
Your four strong arms can wield two-handed weapons with a shield.


Message History

* * * LOW HITPOINT WARNING * * *
You are too injured to fight recklessly!
Unknown command.
You hit the gnoll.
The gnoll looks even sicker.
The gnoll is severely wounded.
The gnoll hits you but does no damage. The gnoll barely misses you.
You barely miss the gnoll.
The gnoll is almost dead.
You kill the gnoll!
Lugonu accepts your kill.
You have reached level 3!
Your experience leads to an increase in your attributes!
Increase (S)trength, (I)ntelligence, or (D)exterity?
You feel stronger. x2
You start resting.
A gnoll is nearby!
You are too injured to fight recklessly!
You are too injured to fight recklessly!
You are too injured to fight recklessly!
You closely miss the gnoll. The gnoll barely misses you.
You barely miss the gnoll. The gnoll hits you with a +0 spear.
* * * LOW HITPOINT WARNING * * *
The gnoll hits you but does no damage.
You hit the gnoll.
The gnoll is poisoned.
The gnoll is heavily wounded.
The gnoll hits you with a +0 spear.
* * * LOW HITPOINT WARNING * * *
You hit the gnoll. You punch the gnoll.
The gnoll is almost dead.
You kill the gnoll!
Lugonu accepts your kill.
Your life force feels restored.
Your Invocations skill increases to level 3!
You start resting.
A gnoll is nearby!
The gnoll shouts!
You hit the gnoll.
The gnoll is poisoned.
The gnoll is moderately wounded.
The gnoll hits you with a +0 spear.
You die...

###.### .##.. #.....
..... ##.#..##.....#
###.######..##..#.....#
..............g.......#
##.####.#######.#.....#
#......## #.....#.###
#..#####g# #.#.###.#
#@## #.#.## .# ### .
#..# .# .# ##.##.# g#
#.##.# #. #....# ###..#
#..# #..# #..####


You could see a gnoll (very poisoned).

Vanquished Creatures
  2 gnolls (D:2)
  3 ball pythons (D:1)
  An endoplasm (D:1)
  2 goblins (D:1)
  A hobgoblin (D:1)
  3 jackals (D:1)
  2 quokkas
  A bat (D:1)
  4 rats
19 creatures vanquished.

Notes
Turn   | Place    | Note
-------+----------+-------------------------------------------
     0 | Abyss:1  | hikkokomori the Formicid Abyssal Knight began the quest for
                  | the Orb.
     0 | Abyss:1  | Reached XP level 1. HP: 18/18 MP: 2/2
    25 | Abyss:2  | Found an ancient bone altar of Kikubaaqudgha.
    67 | Abyss:2  | Found an ancient bone altar of Kikubaaqudgha.
   101 | Abyss:2  | Noticed a spatial maelstrom
   101 | Abyss:2  | Noticed a necromancer
   102 | D:1      | Escaped the Abyss
   533 | D:1      | Reached XP level 2. HP: 24/24 MP: 3/3
   572 | D:1      | Reached * piety under Lugonu
  1365 | D:2      | Reached XP level 3. HP: 7/29 MP: 5/5
  1411 | D:2      | HP: 1/29 [gnoll (5)]
  1440 | D:2      | Slain by a gnoll

Illustrated notes

Levels and vault maps discovered:
D:1:      dpeg_arrival_signposts, layout_loops_ring,
          nicolae_figureground_sparkle
D:2:      layout_rooms, minmay_small_reverse_x

Skill      XL: |  1  2  3 |
---------------+----------+-----
Invocations    | 3 |  3.0
Fighting       | |  3.9
Axes           | |  2.6
Armour         | |  2.1
Dodging        | |  0.8

Action                   || total
-------------------------++-------
Melee: Hand axe          ||    43
       Punch             ||     2
Invok: Depart the Abyss  ||     1
 Abil: Dig               ||     2
Armor: Leather armour    ||     3
       Ring mail         ||     3
Dodge: Dodged            ||    19
